 Dungeon Crawl Stone Soup version 0.31-a0-210-gccc998df9b (webtiles) character file.

Game seed: 8766259630610873307

168 qw the Shooter (level 5, 0/45 HPs)
             Began as a Minotaur Hexslinger on June 29, 2023.
             Slain by an orc wizard
             ... wielding a +0 dagger
              (1 damage)
             ... on level 3 of the Dungeon.
             The game lasted 00:00:45 (1921 turns).

qw the Shooter (Minotaur Hexslinger)                Turns: 1921, Time: 00:00:45

Health: 0/45       AC:  6    Str: 12    XL:     5   Next: 24%
Magic:  5/5        EV: 11    Int: 10    God:
Gold:   95         SH:  0    Dex: 15    Spells: 5/6 levels left

rFire   + . .        Y - +1 sling
rCold   . . .        (no shield)
rNeg    . . .        j - +0 ring mail
rPois   .            (helmet restricted)
rElec   .            (no cloak)
rCorr   .            i - +0 pair of gloves
SInv    .            (no boots)
Will    .....        (no amulet)
Stlth   +            h - ring of protection from fire
HPRegen 0.27/turn    (no ring)
MPRegen 0.09/turn

%: no passive effects
@: no status effects
A: horns 2, retaliatory headbutt
a: no special abilities


You were on level 3 of the Dungeon.
You visited 1 branch of the dungeon, and saw 4 of its levels.

You collected 95 gold pieces.


Innate Abilities, Weirdness & Mutations

You have a pair of horns on your head.
You reflexively headbutt those who attack you in melee.


   Skills:
 - Level 3.1 Fighting
 + Level 5.2 Ranged Weapons
 - Level 1.0 Armour
 - Level 2.1 Dodging
 - Level 1.0 Spellcasting
 - Level 2.0 Hexes


You had 5 spell levels left.
You knew the following spells:

 Your Spells              Type           Power      Damage    Failure   Level
a - Slow                  Hex            16%        N/A       34%         1

Your spell library contained the following spells:

 Spells                   Type           Power      Damage    Failure   Level
 Inner Flame              Hex/Fire       2%         N/A       83%         3
 Portal Projectile        Hex/Tloc       4%         N/A       83%         3
 Cause Fear               Hex            2%         N/A       98%         4

Inventory:

Hand Weapons
 Y - a +1 sling (weapon)
Armour
 i - a +0 pair of gloves (worn)
 j - a +0 ring mail (worn)
Jewellery
 e - a ring of fire
 h - a ring of protection from fire (left hand)
Scrolls
 a - a scroll of identify
Potions
 d - a potion of might
 g - 2 potions of curing
 l - a potion of brilliance {unknown}
 m - a potion of attraction {unknown}
 n - a potion of mutation {unknown}

Dungeon Overview and Level Annotations

Branches:
Dungeon (4/15)
 Temple: D:4-7

Altars:


Message History

The iguana completely misses you.
The orc wizard hits you with a +0 dagger.
The iguana barely misses you.
You shoot a sling bullet.
The sling bullet hits the orc wizard but does no damage.
The orc wizard is lightly wounded.
The orc wizard mumbles some strange words.
The orc wizard flickers and vanishes!
Deactivating autopickup; reactivate with Ctrl-A.
The iguana barely misses you. You furiously retaliate!
You headbutt the iguana. You shoot a sling bullet.
The sling bullet hits the iguana.
The iguana is heavily wounded.
You hear some strange, mumbled words.
A puff of flame appears from out of thin air!
The puff of flame misses you. The iguana bites you.
You shoot a sling bullet. The sling bullet hits the iguana.
The iguana is severely wounded.
Something hits you but does no damage. The iguana bites you!
The iguana bites you. Something hits you.
You shoot a sling bullet. The sling bullet hits the iguana!
You kill the iguana!
Something hits you but does no damage.
Your Fighting skill increases to level 3!
You shoot a sling bullet. Something hits you but does no damage.
You shoot a sling bullet. Something hits you.
You shoot a sling bullet. Something completely misses you.
Something hits you but does no damage.
You shoot a sling bullet. Something hits you.
You shoot a sling bullet. Something hits you but does no damage.
You shoot a sling bullet. Something hits you.
You shoot a sling bullet.
Something hits you but does no damage. x2
You shoot a sling bullet. Something hits you.
You die...

.........# #.##.##.############
#.######.#####.##.##+#####
#.#....#.......##.#......#
.......#..........#......#
#.#.#..#.#######..#......# ######
#.#.#..#.......#..#¤¤¤...# #....#
#.#.#..#######.#..#¤¤....# #....#
#.#.#............{#!.[...# #....#
#.#.#.########..@....##### #....#
#.#.#.#..........%......####....#
#.#.#.##.........#.##......<....#
....#.#...#####....##...........#
..###.###############.........###
..# #.................#.#######
..###################.#.#
...................##.#.######
.#######..########.##.#......#


There were no monsters in sight!

Vanquished Creatures
  2 hounds
  An iguana (D:3)
  Jessica (D:3)
  2 worms (D:2)
  2 dart slugs
  2 orcs
  3 endoplasms
  2 giant cockroaches
  4 goblins
  2 hobgoblins
  9 kobolds
  3 quokkas (D:1)
  4 ball pythons
  3 bats
  6 rats
46 creatures vanquished.

Notes
Turn   | Place    | Note
-------+----------+-------------------------------------------
     0 | D:1      | qw the Minotaur Hexslinger began the quest for the Orb.
     0 | D:1      | Reached XP level 1. HP: 16/16 MP: 1/1
     0 | D:1      | 0 ||| qw: Version: 0.3-a-24-ga2abf7b
     0 | D:1      | 0 ||| qw: Game counter: 6761
     0 | D:1      | 0 ||| qw: Melee chars always use a shield: true
     0 | D:1      | 0 ||| qw: God list: Okawaru
     0 | D:1      | 0 ||| qw: Allow faded altars: false
     0 | D:1      | 0 ||| qw: Do Orc after clearing Dungeon:15 true
     0 | D:1      | 0 ||| qw: Do second Lair branch before Depths: true
     0 | D:1      | 0 ||| qw: Lair rune preference: random
     0 | D:1      | 0 ||| qw: Goals: Normal
     0 | D:1      | 0 ||| PLANNING D:1-11
   146 | D:1      | Reached skill level 3 in Ranged Weapons
   161 | D:1      | Reached XP level 2. HP: 23/23 MP: 2/2
   467 | D:1      | 467 ||| UPGRADING to +0 pair of gloves.
   472 | D:1      | 472 ||| UPGRADING to +0 ring mail.
   482 | D:1      | 482 ||| DROPPING +0 robe.
   483 | D:1      | 483 ||| UPGRADING to ring of protection from fire.
   484 | D:1      | 484 ||| READING 2 scrolls labelled HULOER RUHID.
   485 | D:1      | 485 ||| DRINKING 2 brown potions.
   486 | D:1      | 486 ||| DRINKING 2 blue potions.
   487 | D:1      | 487 ||| DROPPING scroll of poison.
   643 | D:2      | Reached XP level 3. HP: 29/29 MP: 3/3
   658 | D:2      | Reached skill level 4 in Ranged Weapons
   770 | D:2      | Reached XP level 4. HP: 36/36 MP: 4/4
   812 | D:2      | Reached skill level 1 in Armour
  1248 | D:2      | 1248 ||| READING scroll labelled KOCINWEOP KONO.
  1249 | D:2      | 1249 ||| READING scroll labelled MAHUISTR OSONUE.
  1254 | D:2      | 1254 ||| READING scroll labelled OCAYPA DIONAO.
  1375 | D:3      | Noticed Jessica
  1381 | D:3      | Killed Jessica
  1436 | D:3      | Reached skill level 5 in Ranged Weapons
  1723 | D:3      | Reached XP level 5. HP: 41/41 MP: 5/5
  1888 | D:3      | 1888 ||| READING scroll labelled UZOLUAPUBARRU.
  1889 | D:3      | 1889 ||| READING scroll labelled IGINAB ILYDWOR.
  1890 | D:3      | 1890 ||| READING 2 scrolls of identify.
  1890 | D:3      | 1890 ||| IDENTIFYING smoky red potion
  1891 | D:3      | 1891 ||| DROPPING potion of degeneration.
  1904 | D:4      | 1904 ||| STAIRDANCE
  1912 | D:3      | HP: 10/42 [iguana (7)]
  1912 | D:3      | HP: 3/42 [something (3)]
  1914 | D:3      | Reached skill level 3 in Fighting
  1917 | D:3      | HP: 3/45 [something (1)]
  1919 | D:3      | HP: 1/45 [something (3)]
  1921 | D:3      | Slain by an orc wizard

Levels and vault maps discovered:
D:1:      sevenhm_arrival_forest_fort_large_2, layout_rooms
D:2:      layout_basic
D:3:      layout_basic, uniq_jessica
D:4:      layout_cave_pools

Skill      XL: |  1  2  3  4  5 |
---------------+----------------+-----
Ranged Weapons | 3 4 5 |  5.2
Fighting       | 2 3 |  3.1
Armour         | 1 |  1.0
Dodging        | |  2.1
Spellcasting   | |  1.0
Hexes          | |  2.0

Action                     |  1- 3 |  4- 6 || total
---------------------------+-------+-------++-------
   Fire: Sling             |    91 |    66 ||   157
    Use: Potion            |     2 |       ||     2
         Scroll            |     1 |     6 ||     7
 Armour: Robe              |     5 |       ||     5
         Ring mail         |     5 |    14 ||    19
  Dodge: Dodged            |    21 |    20 ||    41

Table legend:
 A = Non-vault XP
 B = Vault XP
 C = Vault XP percentage of total XP
 D = Non-vault monster count
 E = Vault monster count
 F = Vault count percentage of total count
                 A         B        C        D         E       F
            +---------+---------+-------+---------+---------+-------
      Total |     204 |      37 |  15.4 |      45 |       1 |   2.2
            +---------+---------+-------+---------+---------+-------
        D:1 |      29 |       0 |   0.0 |      16 |       0 |   0.0
        D:2 |      75 |       0 |   0.0 |      15 |       0 |   0.0
        D:3 |      96 |      37 |  27.8 |      12 |       1 |   7.7
        D:4 |       4 |       0 |   0.0 |       2 |       0 |   0.0
            +---------+---------+-------+---------+---------+-------
